Map: 锈化山巅-天梯版

Players

TIME (Oliveira)

  • Race: Terran Terran

JieShi - Winner!

  • Race: Protoss Protoss
  • League: Master

Event: DreamHack SC2 Masters 2021 Summer

VOD

Have the link to the VOD?

Description

Time

  • Played on: May 28, 2021, 7:32 a.m.
  • Length: 11:56

All games in this series

Show
View Real Time Build Order
Export as new Build Order

TIME Terran 

Build Orders: Reaper Expand 

Get SALT Encoding   

  12  0:00  SCV  
  13  0:12  SCV  
  14  0:17  Supply Depot  
  14  0:24  SCV  
  15  0:39  SCV  
  15  0:41  Barracks  
  16  0:44  Refinery  
  16  0:51  SCV  
  17  1:03  SCV  
  18  1:15  SCV  
  19  1:28  Reaper, Orbital Command  
  20  1:39  Command Center  
  20  1:47  Supply Depot  
  20  1:53  SCV  
  21  2:00  Marine  
  22  2:06  SCV  
  23  2:08  Factory  
  23  2:15  Bunker  
  23  2:18  SCV  
  24  2:23  Barracks Reactor  
  24  2:26  Refinery  
  24  2:36  SCV  
  25  2:48  SCV  
  26  2:52  Hellion  
  26  2:54  Orbital Command  
  26  2:57  Starport  
  28  3:00  Marine x2  
  28  3:01  SCV  
  31  3:13  SCV  
  31  3:16  Factory Tech Lab  
  31  3:18  Marine x2  
  34  3:22  SCV  
  34  3:25  SCV  
  36  3:35  SCV, Supply Depot  
  36  3:37  SCV, Marine x2  
  36  3:39  Factory Tech Lab  
  40  3:42  Raven  
  40  3:46  Barracks  
  40  3:47  SCV  
  43  3:49  SCV  
  43  3:52  Barracks  
  44  3:57  Marine x2  
  44  3:59  SCV  
  47  4:02  Supply Depot  
  47  4:06  Siege Tank  
  47  4:08  SCV  
  51  4:11  SCV  
  51  4:16  Marine, Engineering Bay  
  53  4:19  Marine  
  53  4:21  Refinery  
  54  4:24  SCV  
  54  4:26  SCV  
  54  4:30  Supply Depot  
  56  4:36  SCV  
  56  4:37  Marine  
  56  4:38  SCV, Siege Tank  
  62  4:39  Marine  
  62  4:44  Bunker  
  62  4:48  Stimpack  
  62  4:51  SCV x2, Marine  
  65  4:53  Supply Depot  
  65  4:56  Supply Depot  
  65  4:58  Marine  
  66  5:01  Marauder  
  66  5:02  Marine  
  66  5:04  SCV  
  66  5:05  SCV  
  70  5:10  Terran Infantry Weapons Level 1  
  70  5:17  SCV, Marauder  
  70  5:19  Combat Shield  
  73  5:22  Refinery, SCV  
  73  5:24  Marine, Supply Depot  
  73  5:27  Starport Reactor  
  75  5:29  Marine  
  75  5:31  Marauder  
  75  5:33  Factory Reactor  
  78  5:37  SCV x2  
  78  5:42  Supply Depot  
  80  5:50  Marine x2  
  80  5:51  Marauder, Supply Depot  
  80  5:54  Marauder  
  86  6:03  Medivac x2  
  90  6:08  Supply Depot  
  90  6:10  Widow Mine x2  
  94  6:16  Marine  
  94  6:17  Marauder, Marine  
  98  6:23  SCV  
  99  6:26  SCV  
  99  6:30  Marine  
  99  6:31  Concussive Shells, Supply Depot  
  101  6:33  Command Center  
  101  6:35  Widow Mine x2, SCV  
  101  6:38  Marauder  
  106  6:40  Medivac  
  108  6:50  Marauder, Marine x2  
  108  6:51  SCV  
  104  6:59  Marine  
  103  7:04  Terran Infantry Armor Level 1  
  103  7:06  Barracks  
  103  7:07  Barracks  
  103  7:08  Marine  
  104  7:12  Marauder  
  104  7:13  Marine  
  93  7:18  Marauder  
  93  7:22  Medivac  
  87  7:24  Widow Mine  
  87  7:25  Marine  
  83  7:31  Marine  
  83  7:33  Marauder  
  80  7:40  SCV x2  
  80  7:43  Marine  
  86  7:49  Marine  
  86  7:50  Viking  
  86  7:52  Orbital Command, Viking, SCV  
  86  7:53  SCV  
  86  7:54  Barracks Reactor, Barracks Tech Lab  
  86  7:55  Marauder  
  86  7:57  Barracks Tech Lab  
  86  7:58  Marine x2  
  92  8:00  Siege Tank  
  92  8:04  SCV  
  92  8:05  SCV  
  99  8:08  Marine  
  99  8:09  Marine  
  101  8:15  Supply Depot  
  101  8:16  SCV  
  101  8:17  SCV  
  98  8:20  Marauder, Marine x2  
  98  8:21  Marauder  
  98  8:22  Viking  
  98  8:26  Viking  
  102  8:27  SCV  
  102  8:28  SCV  
  102  8:31  Armory  
  102  8:33  Marauder  
  102  8:34  Engineering Bay  
  106  8:35  Marine  
  106  8:36  Marine  
  106  8:38  Marine  
  106  8:39  Siege Tank  
  113  8:41  SCV x3  
  113  8:44  Marauder x2  
  119  8:52  Marine  
  119  8:53  Refinery x2  
  120  8:56  Viking  
  120  8:57  Marine  
  120  8:58  Marauder, Marine x2  
  120  9:01  Supply Depot  
  120  9:02  Supply Depot  
  127  9:04  Viking  
  127  9:08  Marauder x2  
  133  9:11  Marine  
  133  9:18  Marine x2  
  133  9:20  Terran Infantry Armor Level 2, Terran Infantry Weapons Level 2  
  135  9:24  Marine  
  135  9:25  Marauder, Siege Tank  
  135  9:30  Viking  
  143  9:38  Marauder, Marine  
  145  9:40  Marine  
  145  9:42  Command Center, Medivac  
  145  9:43  Marine  
  150  9:46  Marine  
  150  9:47  Marauder  
  153  9:53  Supply Depot x2  
  153  9:55  Ghost Academy  
  118  10:13  Marine x3  
  118  10:14  Marauder x2, Marine x2, Siege Tank  
  99  10:19  Liberator  
  85  10:31  Marine  
  85  10:33  Orbital Command, Marine x2  
  77  10:42  Liberator  
  79  10:46  Siege Tank  
  79  10:48  Ghost x2  
  80  10:50  Marine  
  80  10:51  Marauder, Marine  
  80  10:52  Marine  
  85  10:58  Marine  
  85  10:59  SCV x2  
  88  11:09  Viking  
  88  11:11  Marine x2  
  90  11:12  Marine  
  90  11:16  SCV x2  
  90  11:18  Marine  
  96  11:23  Marauder  
  98  11:33  Marauder x2  
  98  11:34  Marine  
  98  11:36  Marine  
Show
View Real Time Build Order
Export as new Build Order

JieShi Protoss - Winner!

Build Orders: 1 Gate Expand, Blink Stalkers, Colossus Rush 

Get SALT Encoding   

  12  0:00  Probe  
  13  0:12  Probe  
  14  0:17  Pylon  
  14  0:25  Probe (Chrono Boost)  
  16  0:37  Probe (Chrono Boost), Gateway  
  16  0:43  Probe (Chrono Boost)  
  16  0:46  Assimilator  
  17  0:51  Probe  
  18  1:03  Probe  
  19  1:15  Probe  
  20  1:24  Cybernetics Core  
  20  1:31  Nexus  
  20  1:34  Probe  
  21  1:40  Pylon  
  21  1:46  Probe  
  22  1:48  Assimilator  
  22  1:58  Probe, Adept (Chrono Boost)  
  25  2:01  Warp Gate  
  25  2:10  Probe  
  26  2:17  Twilight Council  
  26  2:22  Probe  
  27  2:34  Probe  
  28  2:41  Stalker (Chrono Boost)  
  30  2:44  Probe (Chrono Boost)  
  30  2:49  Gateway  
  30  2:51  Probe (Chrono Boost), Blink (Chrono Boost)  
  33  2:59  Probe (Chrono Boost)  
  33  3:01  Probe (Chrono Boost)  
  33  3:05  Probe  
  34  3:11  Probe  
  36  3:14  Robotics Facility  
  36  3:17  Probe  
  37  3:23  Probe  
  38  3:27  Pylon  
  38  3:29  Probe  
  38  3:30  Assimilator  
  38  3:32  Assimilator  
  39  3:35  Probe  
  39  3:41  Probe, Pylon  
  41  3:47  Probe  
  42  3:49  Stalker  
  42  3:50  Stalker  
  42  3:53  Probe  
  47  3:59  Probe  
  47  4:02  Observer  
  49  4:05  Probe, Pylon  
  50  4:11  Probe  
  50  4:14  Stalker  
  50  4:15  Stalker  
  55  4:18  Robotics Bay  
  55  4:19  Probe  
  55  4:23  Probe  
  57  4:27  Observer  
  58  4:35  Probe  
  58  4:36  Probe  
  60  4:47  Pylon  
  60  4:50  Pylon  
  60  4:52  Nexus  
  60  4:55  Sentry  
  62  5:00  Probe x2  
  62  5:01  Charge  
  62  5:06  Colossus (Chrono Boost)  
  64  5:12  Probe x2  
  72  5:15  Extended Thermal Lance  
  72  5:18  Forge  
  72  5:24  Probe x2  
  74  5:35  Gateway x2  
  74  5:36  Probe  
  74  5:37  Probe  
  74  5:38  Sentry  
  74  5:39  Sentry  
  74  5:40  Gateway  
  80  5:48  Probe  
  80  5:49  Probe  
  82  5:57  Pylon  
  82  5:58  Shield Battery  
  82  5:59  Protoss Ground Weapons Level 1 (Chrono Boost)  
  82  6:00  Colossus (Chrono Boost)  
  82  6:04  Pylon  
  88  6:09  Photon Cannon  
  88  6:12  Photon Cannon  
  88  6:15  Probe x2  
  88  6:17  Probe  
  90  6:27  Stalker x2  
  90  6:31  Gateway  
  94  6:39  Stalker  
  96  6:40  Stalker  
  96  6:42  Colossus (Chrono Boost)  
  104  6:50  Zealot x3  
  99  7:04  Zealot x2  
  101  7:11  Zealot x2  
  101  7:12  Zealot  
  81  7:18  Probe x2  
  81  7:20  Colossus  
  81  7:21  Observer  
  74  7:24  Stalker  
  74  7:25  Stalker  
  74  7:27  Zealot  
  76  7:34  Stalker x2  
  76  7:36  Stalker  
  86  7:41  Probe x3  
  89  7:47  Gateway  
  89  7:50  Gateway  
  89  7:54  Sentry x2  
  89  7:55  Sentry  
  89  7:56  Probe  
  89  7:57  Probe  
  97  7:58  Zealot, Pylon  
  97  7:59  Zealot  
  97  8:00  Protoss Ground Armor Level 1 (Chrono Boost)  
  101  8:07  Stalker  
  101  8:11  Photon Cannon  
  103  8:14  Warp Prism (Chrono Boost)  
  101  8:26  Zealot x2  
  101  8:27  Zealot x3  
  107  8:37  Observer  
  107  8:40  Templar Archives  
  107  8:41  Pylon  
  107  8:42  Pylon, Shield Battery  
  107  8:48  Colossus (Chrono Boost)  
  107  8:51  Zealot  
  107  8:52  Zealot x2  
  107  8:54  Zealot  
  107  8:55  Pylon  
  121  9:06  Nexus  
  121  9:19  High Templar x2  
  121  9:20  Zealot x3  
  131  9:26  Archon  
  131  9:27  High Templar, Zealot x2  
  131  9:31  Pylon  
  137  9:33  Gateway  
  137  9:40  Pylon  
  137  9:41  High Templar, Zealot x2  
  137  9:44  Pylon  
  143  9:46  Gateway, Archon  
  143  9:50  Zealot x2  
  143  9:52  Stalker x2  
  151  10:00  Zealot  
  119  10:09  Zealot  
  119  10:10  Zealot x4  
  119  10:11  Colossus (Chrono Boost)  
  118  10:18  Zealot x2  
  114  10:31  Zealot x5  
  114  10:38  Zealot x4  
  116  10:53  High Templar  
  116  10:54  Colossus (Chrono Boost), High Templar, Zealot x3  
  116  10:56  Zealot  
  128  10:58  Archon  
  128  11:02  Zealot x3  
  140  11:06  Probe (Chrono Boost)  
  140  11:09  Pylon  
  141  11:16  Probe (Chrono Boost)  
  141  11:18  Stalker x2  
  146  11:19  Zealot  
  146  11:21  Probe  
  149  11:29  Stalker  
  149  11:30  Zealot  
  149  11:32  Pylon  
  153  11:35  Stalker x2  
  153  11:37  Zealot  
  153  11:39  Pylon  
  147  11:49  Zealot x3  
  147  11:50  Zealot x2  
Tags
 
Add a new tag
Caveats
  • Supply blocks, unpowered buildings, or Contaminate may cause inaccurate times.
  • Supply counts are checked every 10 seconds.